 Dungeon Crawl Stone Soup version 0.18.1-6-gd335043 (webtiles) character file.

317 Helmschank the Changer (level 6, -7/47 HPs)
             Began as a Draconian Transmuter on May 20, 2016.
             Killed by divine providence
             ... invoked by an orc priest
              (15 damage)
             ... on level 3 of the Dungeon.
             The game lasted 00:15:37 (3257 turns).

Helmschank the Changer (Draconian Transmuter)       Turns: 3257, Time: 00:15:38

Health: -7/47      AC: 10    Str: 12    XL:     6   Next: 20%
Magic:  5/9        EV: 11    Int: 13    God:
Gold:   182        SH:  0    Dex: 14    Spells: 3 memorised, 3 levels left

rFire  . . .     SeeInvis .       - Unarmed
rCold  . . .     Gourm    .     (armour unavailable)
rNeg   . . .     Faith    .     (no shield)
rPois  .         Spirit   .     (helmet restricted)
rElec  .         Dismiss  .     o - +0 cloak
rCorr  .         Reflect  .     (no gloves)
SustAt .         Harm     .     m - +2 pair of boots
MR     .....                    (no amulet)
Stlth  +.........               (no ring)
                                (no ring)

@: flying, very slightly contaminated, heavily drained, not resistant to hostile
enchantments, very unstealthy
A: unfitting armour, cold-blooded, AC +6
a: no special abilities


You were on level 3 of the Dungeon.
You were not hungry.

You visited 1 branch of the dungeon, and saw 3 of its levels.

You collected 182 gold pieces.

Inventory:

Missiles
 a - 47 arrows
 h - 45 poisoned needles
 R - 126 stones (quivered)
Armour
 m - a +2 pair of boots (worn)
 o - a +0 cloak (worn)
Jewellery
 s - a cursed amulet of inaccuracy {unknown}
Wands
 p - a wand of random effects (21/48)
 q - a wand of random effects (27/48)
Scrolls
 e - 2 scrolls of remove curse {unknown}
 i - 3 scrolls of identify {unknown}
 l - 3 scrolls of magic mapping {unknown}
 r - 2 scrolls of recharging {unknown}
 t - a scroll of random uselessness {unknown}
Potions
 d - a potion of flight
 f - 2 potions of curing {unknown}
 k - a potion of degeneration {unknown}
 n - a potion of might {unknown}
Books
 b - a book of Changes

   Spells                             Type                      Level
   a - Beastly Appendage              Transmutation                1
   b - Sticks to Snakes               Transmutation                2
   c - Spider Form                    Transmutation/Poison         3
   d - Ice Form                       Ice/Transmutation            4
   e - Blade Hands                    Transmutation                5
Comestibles
 c - 2 bread rations
 g - 4 meat rations
 j - 5 chunks of flesh


   Skills:
 - Level 1.1(0.0) Fighting
 - Level 1.7(0.2) Dodging
 - Level 4.1(2.4) Unarmed Combat
 - Level 2.0(0.4) Spellcasting
 + Level 4.7(3.0) Transmutations
 + Level 3.3(1.7) Poison Magic


You had 3 spell levels left.
You knew the following spells:

 Your Spells              Type           Power        Failure   Level  Hunger
a - Spider Form           Trmt/Pois      #.........   38%         3    ####...
q - Sticks to Snakes      Trmt           #.......     14%         2    ###....
z - Beastly Appendage     Trmt           #.....       10%         1    ##.....


Dungeon Overview and Level Annotations

Branches:
Dungeon (3/15)

Altars:
Elyvilon
Ru

Annotations:
D:3 dogface's ghost, amateur DsGl


Innate Abilities, Weirdness & Mutations

Your plain brown scales are hard (AC +6).
Your body does not fit into most forms of armour.
You are cold-blooded and may be slowed by cold attacks.


Message History

Your +2 pair of boots unmelds from your body.
The orc priest shouts!
The orc priest moves out of view.
You see here a war axe.
Casting: Spider Form
Confirm with . or Enter, or press ? or * to list all spells.
You miscast Spider Form.
You are very lightly contaminated with residual magic.
Multicoloured lights dance before your eyes!
The orc priest mumbles some strange prayers to Beogh against you.
Beogh smites you!
* * * LOW HITPOINT WARNING * * *
You take 14 damage, and have 8/47 hp.
MASSIVE DAMAGE!!
You now have 5/9 mp.
Drink which item? (? for menu, Esc to quit)
It was a potion of flight.
You feel very buoyant.
You fly up into the air.
The orc priest calls down the wrath of Beogh upon you.
Beogh smites you!
You die...

#.####.# #....#.#
#########.#.# #.........).#
#.#######.#######
#.#........<....#
#.#(......#.....#
#.############### #####
#.#........@...)##(#####....
#.#.#########.o.............
#.#.# #......)#.##.#####....
#.#.# #.#####.#........W(...
###.#.# .>...........(..
#...#.########.##...........(.
#.###.......##. #.........#(..
#<# #######.#.. ...%..........
#.# #.### .############


You could see an orc priest.

Vanquished Creatures
  An ice beast (D:3)
  An orc priest (D:3)
  Ijyb (D:3)
  Natasha (thrice) (D:2)
  Robin (D:2)
  2 adders (D:2)
  2 worms (D:2)
  4 giant geckos
  2 orcs (D:3)
  A ball python (D:2)
  A giant cockroach (D:1)
  12 goblins
  8 hobgoblins
  2 jackals (D:1)
  8 bats
  4 giant newts
  7 kobolds
  4 rats
64 creatures vanquished.

Vanquished Creatures (collateral kills)
  Crazy Yiuf (D:2)
  2 hobgoblins (D:2)
  A goblin (D:2)
4 creatures vanquished.

Grand Total: 68 creatures vanquished

Notes
Turn   | Place    | Note
--------------------------------------------------------------
     0 | D:1      | Helmschank the Draconian Transmuter began the quest for the Orb.
     0 | D:1      | Reached XP level 1. HP: 16/16 MP: 3/3
   396 | D:1      | Reached XP level 2. HP: 23/23 MP: 5/5
   400 | D:1      | Learned a level 2 spell: Sticks to Snakes
   922 | D:2      | Noticed Natasha
   930 | D:2      | Killed Natasha
   930 | D:2      | Reached XP level 3. HP: 24/28 MP: 1/6
   998 | D:2      | Learned a level 3 spell: Spider Form
  1024 | D:2      | Noticed Natasha
  1031 | D:2      | Killed Natasha
  1214 | D:2      | Reached XP level 4. HP: 35/35 MP: 7/7
  1351 | D:2      | Noticed Crazy Yiuf
  1368 | D:2      | Killed Crazy Yiuf
  1368 | D:2      | Reached skill level 1 in Poison Magic
  1683 | D:2      | Found a white marble altar of Elyvilon.
  1698 | D:2      | Noticed Robin
  1701 | D:2      | Noticed Natasha
  1947 | D:2      | Killed Natasha
  2123 | D:2      | Reached XP level 5. HP: 37/40 MP: 8/8
  2193 | D:2      | Killed Robin
  2396 | D:3      | Noticed Ijyb
  2406 | D:3      | Killed Ijyb
  2530 | D:3      | Found a sacrificial altar of Ru.
  2602 | D:3      | Noticed an ice beast
  2625 | D:3      | Killed an ice beast
  2625 | D:3      | Reached XP level 6. HP: 25/47 MP: 1/9
  2998 | D:3      | Noticed dogface's ghost (amateur DsGl)
  3257 | D:3      | Killed from afar by an orc priest

Skill      XL: |  1  2  3  4  5 |
---------------+----------------+-----
Unarmed Combat | 4 |  4.1
Transmutations | 3 4 |  4.7
Poison Magic   | 2 3 |  3.3
Fighting       | |  1.1
Dodging        | |  1.7
Spellcasting   | |  2.0

Action                   |  1- 3 |  4- 6 || total
-------------------------+-------+-------++-------
Melee: Unarmed           |    76 |   144 ||   220
       Tailslap          |     6 |    13 ||    19
       Punch             |     1 |       ||     1
       Headbutt          |       |    19 ||    19
Throw: Javelin           |     9 |    15 ||    24
       Stone             |       |    27 ||    27
 Cast: Beastly Appendage |    11 |    21 ||    32
       Sticks to Snakes  |     2 |     8 ||    10
       Spider Form       |       |     2 ||     2
Evoke: Wand              |       |     1 ||     1
  Use: Potion            |       |     1 ||     1
  Eat: Chunk             |     1 |     9 ||    10
Armor: Skin              |    25 |    37 ||    62
Dodge: Dodged            |    56 |   108 ||   164
